 Dungeon Crawl Stone Soup version 0.23.2-33-g5129a83184 (webtiles) character file.

Game seed: 5340961239293254320

400 doot the Conjurer (level 6, 0/33 HPs)
             Began as a Tengu Fire Elementalist on July 2, 2019.
             Was an Initiate of Vehumet.
             Succumbed to an orc wizard's poison
             ... on level 4 of the Dungeon.
             The game lasted 00:08:36 (4169 turns).

doot the Conjurer (Tengu Fire Elementalist)         Turns: 4169, Time: 00:08:37

Health: 0/33       AC:  5    Str:  9    XL:     6   Next: 84%
Magic:  5/12       EV: 16    Int: 17    God:    Vehumet [......]
Gold:   206        SH:  0    Dex: 14    Spells: 4/12 levels left

rFire    . . .     SeeInvis .   g - +0 hand axe
rCold    . . .     Gourm    .   (no shield)
rNeg     . . .     Faith    .   a - +0 robe
rPois    .         Spirit   .   (helmet restricted)
rElec    .         Reflect  .   o - +0 cloak
rCorr    .         Harm     .   (no gloves)
MR       .....     Clarity  +   (boots unavailable)
Stlth    ++........             (no amulet)
HPRegen  0.11/turn              (no ring)
MPRegen  0.13/turn              (no ring)

@: lethally poisoned (0 -> -12), flying quickly and evasively, quick
A: beak, talons 3, molten scales 1, clarity, able to fly
a: Stop Flying, Renounce Religion


You were on level 4 of the Dungeon.
You worshipped Vehumet.
Vehumet was noncommittal.
You were not hungry.

You visited 2 branches of the dungeon, and saw 5 of its levels.

You collected 206 gold pieces.

Inventory:

Hand Weapons
 g - a +0 hand axe (weapon)
Armour
 a - a +0 robe (worn)
 o - a +0 cloak (worn)
Wands
 n - a wand of iceblast (10)
 p - a wand of digging (6)
Scrolls
 b - a scroll of teleportation {unknown}
 d - 3 scrolls of remove curse {unknown}
 e - 3 scrolls of identify {unknown}
 i - 2 scrolls of magic mapping {unknown}
Potions
 f - a potion of curing {unknown}
 h - 2 potions of mutation
 j - 2 potions of lignification {unknown}
 k - a potion of might {unknown}
 l - 3 potions of agility {unknown}
 m - 2 potions of haste {unknown}
Comestibles
 c - 6 rations
 q - 2 chunks of flesh


   Skills:
 + Level 0.4 Fighting
 + Level 0.4 Axes
 + Level 3.0 Dodging
 + Level 2.5 Stealth
 + Level 3.6 Spellcasting
 * Level 5.0 Conjurations
 + Level 5.0 Fire Magic


You had 4 spell levels left.
You knew the following spells:

 Your Spells              Type           Power        Failure   Level  Hunger
a - Flame Tongue          Conj/Fire      ###..        1%          1    None
b - Conjure Flame         Conj/Fire      ###.....     6%          3    ###....
c - Sticky Flame          Conj/Fire      ###.....     21%         4    ####...

Your spell library contained the following spells:

 Spells                   Type           Power        Failure   Level  Hunger
 Throw Flame              Conj/Fire      ###...       3%          2    ##.....
 Inner Flame              Hex/Fire       ##......     17%         3    ###....
 Fireball                 Conj/Fire      ###.......   50%         5    ######.


Dungeon Overview and Level Annotations

Branches:
Dungeon (4/15)             Temple (1/1) D:4

Altars:
Ashenzari
Cheibriados
Dithmenos
Elyvilon
Fedhas
Gozag
Hepliaklqana
Kikubaaqudgha
Makhleb
Nemelex Xobeh
Qazlal
Sif Muna
Trog
Vehumet
Xom
Yredelemnul
Zin
The Shining One


Innate Abilities, Weirdness & Mutations

You have a beak for a mouth.
You have claws for feet.
You can fly continuously.
You are partially covered in molten scales. (AC +2)
You possess an exceptional clarity of mind.


Message History

The magic dart hits you!
* * * LOW HITPOINT WARNING * * *
Some of the chunks of flesh in your inventory have rotted away.
You start resting.
You feel sick.
The orc wizard is too close now for your liking.
You feel sick.
The orc wizard hits you but does no damage.
The orc wizard hits you with a +1 dagger of venom.
* * * LOW HITPOINT WARNING * * *
You are more poisoned.
Casting: Flame Tongue (safe; 1% risk of failure)
Confirm with . or Enter, or press ? or * to list all spells.
Aiming: Flame Tongue (safe; 1% risk of failure)
Press: ? - help, Shift-Dir - straight line, f/p - orc wizard
Aim: an orc wizard, wielding a +1 dagger of venom and wearing a +1 robe of fire resistance (heavily wounded, fast)
Okay, then.
It was a potion of mutation.
You feel extremely strange.
Your thoughts seem clearer.
Molten scales grow over part of your body.
You die...

♣ ♣.# #.#
..# .# #.#
#o# # #.#
#.# #.# #.#
#.## #)# .
#..# #.# #
##.# #.#
#.########o#
#........@.#
############


You could see 2 orc wizards.

Vanquished Creatures
  An ice beast (D:2)
  An ogre (D:4)
  An orc wizard (D:4)
  Jessica (D:3)
  A worker ant (D:3)
  6 adders
  An ooze (D:3)
  3 worms (D:2)
  2 dart slugs
  4 leopard geckos
  7 orcs
  7 bats
  5 giant cockroaches
  7 hobgoblins
  4 kobolds
  3 quokkas
  8 frilled lizards
  6 goblins
  4 rats
72 creatures vanquished.

Notes
Turn   | Place    | Note
-------+----------+-------------------------------------------
     0 | D:1      | doot the Tengu Fire Elementalist began the quest for the
                  | Orb.
     0 | D:1      | Reached XP level 1. HP: 10/10 MP: 4/4
   165 | D:1      | Reached XP level 2. HP: 11/15 MP: 0/6
   519 | D:1      | Reached XP level 3. HP: 9/19 MP: 3/7
  1283 | D:2      | Learned a level 3 spell: Conjure Flame
  1315 | D:2      | Reached XP level 4. HP: 10/24 MP: 0/8
  1769 | D:2      | Noticed an ice beast
  1791 | D:2      | Learned a level 4 spell: Sticky Flame
  1884 | D:2      | Killed an ice beast
  1884 | D:2      | Gained mutation: You can fly continuously. [Tengu growth]
  1884 | D:2      | Reached XP level 5. HP: 22/28 MP: 0/10
  2232 | D:3      | Noticed Jessica
  2238 | D:3      | Killed Jessica
  2694 | D:3      | Reached XP level 6. HP: 32/33 MP: 0/11
  3174 | D:4      | Found a staircase to the Ecumenical Temple.
  3184 | Temple   | Entered the Ecumenical Temple
  3342 | Temple   | Became a worshipper of Vehumet
  3402 | D:4      | Reached skill level 5 in Conjurations
  3708 | D:2      | Reached skill level 5 in Fire Magic
  4168 | D:4      | HP: 1/33 [orc wizard/+1 dagger of venom (2)]
  4169 | D:4      | Gained mutation: You possess an exceptional clarity of
                  | mind. [potion of mutation]
  4169 | D:4      | Gained mutation: You are partially covered in molten
                  | scales. (AC +2) [potion of mutation]
  4169 | D:4      | Succumbed to an orc wizard's poison

Skill      XL: |  1  2  3  4  5  6 |
---------------+-------------------+-----
Fire Magic     | 4 5 |  5.0
Conjurations   | 3 4 5 |  5.0
Spellcasting   | 3 |  3.6
Dodging        | 3 |  3.0
Fighting       | |  0.4
Axes           | |  0.4
Stealth        | |  2.5

Action                   |  1- 3 |  4- 6 || total
-------------------------+-------+-------++-------
Melee: Hand axe          |     9 |     8 ||    17
       Kick              |     1 |     2 ||     3
       Peck              |     1 |     1 ||     2
 Cast: Flame Tongue      |    62 |    80 ||   142
       Conjure Flame     |       |     7 ||     7
       Sticky Flame      |       |     2 ||     2
 Abil: Fly               |       |     1 ||     1
  Use: Potion            |       |     1 ||     1
  Eat: Chunk             |     2 |     7 ||     9
       Ration            |       |     1 ||     1
Armor: Robe              |    19 |     1 ||    20
Dodge: Dodged            |    74 |    34 ||   108
